TOP OF THE 1ST |
Baltimore Orioles batting - Pitching for Minnesota Twins : LHP David Gordon
|
Pitching: LHP David Gordon
|
|
Batting: LHB Brad Pepin
|
0-0: Ball 1-0: Fly out, F7 (Flyball, 78M, EV 95.0 MPH)
|
Batting: RHB Rudo Garciaparra
|
0-0: Ball 1-0: Ball 2-0: Foul Ball, location: 2F 2-1: Ball 3-1: Base on Balls
|
Batting: SHB Jason Hayes
|
0-0: Called Strike 0-1: Called Strike 0-2: Ball 1-2: Foul Ball, location: 2F 1-2: Foul Ball, location: 2F 1-2: Grounds into double play, 5-4-3 (Groundball, 56, EV 84.4 MPH)
|
Top of the 1st over - 0 runs, 0 hits, 0 errors, 0 left on base; Baltimore 0 - Minnesota 0 |
BOTTOM OF THE 1ST |
Minnesota Twins batting - Pitching for Baltimore Orioles : LHP Luis Perez
|
Pitching: LHP Luis Perez
|
|
Batting: RHB J.J. Powers
|
0-0: Ground out 4-3 (Groundball, 4, EV 85.0 MPH)
|
Batting: RHB Steve Jordan
|
0-0: Fly out, F9 (Line Drive, 9, EV 86.2 MPH)
|
Batting: RHB Kevin Howard
|
0-0: Called Strike 0-1: Ball 1-1: Ball 2-1: Swinging Strike 2-2: Ball 3-2: Foul Ball, location: 2F 3-2: Base on Balls
|
Batting: RHB Hildo Pot
|
0-0: Called Strike 0-1: Foul Ball, location: 2F 0-2: Strikes out swinging
|
Bottom of the 1st over - 0 runs, 0 hits, 0 errors, 1 left on base; Baltimore 0 - Minnesota 0 |
TOP OF THE 2ND |
Baltimore Orioles batting - Pitching for Minnesota Twins : LHP David Gordon
|
Batting: RHB Saimei Kudo
|
0-0: Called Strike 0-1: Swinging Strike 0-2: SOLO HOME RUN (Flyball, 7D, EV 98.8 MPH), Distance : 416 ft
|
Batting: LHB Tommy Luce
|
0-0: Swinging Strike 0-1: Foul Ball, location: 2F 0-2: Ball 1-2: Foul Ball, location: 2F 1-2: Ball 2-2: Ball 3-2: Base on Balls
|
Pitching: RHP Matt Sigurdson
|
|
Batting: SHB Gareth Busby
|
0-0: Ball 1-0: Ball 2-0: Called Strike 2-1: Sac Bunt to 23 - play at first, batter OUT! 3-4 Tommy Luce to second
|
Batting: RHB Randy Johnson Jr.
|
0-0: Called Strike 0-1: Ball 1-1: Ball 2-1: Swinging Strike 2-2: Foul Ball, location: 2F 2-2: Ball 3-2: Foul Ball, location: 2F 3-2: Base on Balls
|
Batting: LHB Bob Melley
|
0-0: Ball 1-0: Called Strike 1-1: Fly out, F8 (Flyball, 8RD, EV 90.6 MPH)
|
Batting: RHB Kory Sanchez
|
0-0: Ball 1-0: Foul Ball, location: 2F 1-1: Ball Wild Pitch! Tommy Luce to third Randy Johnson Jr. to second 2-1: Ball 3-1: Ground out 5-3 (Groundball, 5, EV 76.9 MPH)
|
Top of the 2nd over - 1 run, 1 hit, 0 errors, 2 left on base; Baltimore 1 - Minnesota 0 |
BOTTOM OF THE 2ND |
Minnesota Twins batting - Pitching for Baltimore Orioles : LHP Luis Perez
|
Batting: RHB Miguel Diaz
|
0-0: Ball 1-0: Foul Ball, location: 2F 1-1: SOLO HOME RUN (Flyball, 7D, EV 111.9 MPH), Distance : 416 ft
|
Batting: LHB Chris Ringwood
|
0-0: Foul Ball, location: 2F 0-1: Ball 1-1: DOUBLE (Line Drive, 7LM, EV 101.2 MPH)
|
Batting: RHB Matt Dunn
|
0-0: Ball 1-0: Ball 2-0: Foul Ball, location: 2F 2-1: Foul Ball, location: 2F 2-2: Foul Ball, location: 2F 2-2: Ground out 4-3 (Groundball, 4S, EV 83.8 MPH) Chris Ringwood to third
|
Batting: LHB Peer Derks
|
0-0: Swinging Strike 0-1: Called Strike 0-2: Fly out, F7 (Flyball, 7D, EV 88.8 MPH) Runner from 3rd tags up, OUT at HOME! 7-2
|
Bottom of the 2nd over - 1 run, 2 hits, 0 errors, 0 left on base; Baltimore 1 - Minnesota 1 |
TOP OF THE 3RD |
Baltimore Orioles batting - Pitching for Minnesota Twins : RHP Matt Sigurdson
|
Batting: LHB Brad Pepin
|
0-0: Called Strike 0-1: Called Strike 0-2: Strikes out swinging
|
Batting: RHB Rudo Garciaparra
|
0-0: Ball 1-0: Foul Ball, location: 2F 1-1: Ball 2-1: SOLO HOME RUN (Flyball, 9LD, EV 93.1 MPH), Distance : 360 ft
|
Batting: SHB Jason Hayes
|
0-0: Called Strike 0-1: SOLO HOME RUN (Flyball, 9D, EV 95.6 MPH), Distance : 362 ft
|
Batting: RHB Saimei Kudo
|
0-0: Called Strike 0-1: Ball 1-1: Ball 2-1: SOLO HOME RUN (Line Drive, 89XD, EV 114.4 MPH), Distance : 436 ft
|
Batting: LHB Tommy Luce
|
0-0: Called Strike 0-1: Ball 1-1: Ball 2-1: Called Strike 2-2: Ground out U3 (Groundball, 34, EV 91.2 MPH)
|
Batting: SHB Gareth Busby
|
0-0: Called Strike 0-1: Ball 1-1: Foul Ball, location: 2F 1-2: Strikes out swinging
|
Top of the 3rd over - 3 runs, 3 hits, 0 errors, 0 left on base; Baltimore 4 - Minnesota 1 |
BOTTOM OF THE 3RD |
Minnesota Twins batting - Pitching for Baltimore Orioles : LHP Luis Perez
|
Batting: SHB Bran Stark
|
0-0: Ball 1-0: Ball 2-0: Ball 3-0: Called Strike 3-1: Base on Balls
|
Batting: RHB J.J. Powers
|
0-0: Called Strike 0-1: Ball Bran Stark is caught stealing 2nd base 2-4 1-1: Ball 2-1: Ground out U3 (Groundball, 34, EV 79.4 MPH)
|
Batting: RHB Steve Jordan
|
0-0: Ball 1-0: Ball 2-0: Foul Ball, location: 2F 2-1: Foul Ball, location: 2F 2-2: Foul Ball, location: 2F 2-2: Foul Ball, location: 2F 2-2: Strikes out looking
|
Bottom of the 3rd over - 0 runs, 0 hits, 0 errors, 0 left on base; Baltimore 4 - Minnesota 1 |
TOP OF THE 4TH |
Baltimore Orioles batting - Pitching for Minnesota Twins : RHP Matt Sigurdson
|
Batting: RHB Randy Johnson Jr.
|
0-0: Ball 1-0: Ball 2-0: Foul Ball, location: 2F 2-1: Swinging Strike 2-2: Fly out, F8 (Line Drive, 8RD, EV 106.2 MPH)
|
Batting: LHB Bob Melley
|
0-0: Called Strike 0-1: Ground out 4-3 (Groundball, 13, EV 86.9 MPH)
|
Batting: RHB Kory Sanchez
|
0-0: Called Strike 0-1: Foul Ball, location: 2F 0-2: Ball 1-2: Strikes out swinging
|
Top of the 4th over - 0 runs, 0 hits, 0 errors, 0 left on base; Baltimore 4 - Minnesota 1 |
BOTTOM OF THE 4TH |
Minnesota Twins batting - Pitching for Baltimore Orioles : LHP Luis Perez
|
Batting: RHB Kevin Howard
|
0-0: SINGLE (Groundball, 56, EV 100.0 MPH) (infield hit)
|
Batting: RHB Hildo Pot
|
0-0: Ball 1-0: Called Strike 1-1: Swinging Strike 1-2: Ball 2-2: Ball 3-2: Foul Ball, location: 2F 3-2: Base on Balls Kevin Howard to second
|
Batting: RHB Miguel Diaz
|
0-0: Ball 1-0: Called Strike 1-1: Swinging Strike 1-2: Ball 2-2: Ball 3-2: Strikes out swinging
|
Batting: LHB Chris Ringwood
|
0-0: Foul Ball, location: 2F 0-1: Swinging Strike 0-2: Strikes out looking
|
Batting: RHB Matt Dunn
|
0-0: Ball 1-0: Foul Ball, location: 2F 1-1: Ball 2-1: Foul Ball, location: 2F 2-2: Ball 3-2: Foul Ball, location: 2F 3-2: Foul Ball, location: 2F 3-2: Foul Ball, location: 2F 3-2: Base on Balls Kevin Howard to third Hildo Pot to second
|
Batting: LHB Peer Derks
|
0-0: Ball 1-0: Ball 2-0: Ball 3-0: GRAND SLAM HOME RUN (Flyball, 89XD, EV 106.9 MPH), Distance : 426 ft
|
Pitching: LHP Mark Gehring
|
|
Batting: SHB Bran Stark
|
0-0: Swinging Strike 0-1: SINGLE (Groundball, 56S, EV 97.5 MPH)
|
Pinch Hitting: RHB Mike Quackenbush
|
0-0: Foul Ball, location: 2F 0-1: Fly out, F7 (Flyball, 78S, EV 84.4 MPH)
|
Bottom of the 4th over - 4 runs, 3 hits, 0 errors, 1 left on base; Baltimore 4 - Minnesota 5 |
TOP OF THE 5TH |
Baltimore Orioles batting - Pitching for Minnesota Twins : RHP Matt Sigurdson
|
Now at C: Luis Villanueva
|
|
Now at 1B: Cyril Husson
|
|
Now at 3B: Mike Quackenbush
|
|
Now at SS: Alex Sandoval
|
|
Now in LF: Austin Mickelson
|
|
Batting: LHB Brad Pepin
|
0-0: Ball 1-0: Ball 2-0: Ball 3-0: Called Strike 3-1: Foul Ball, location: 2F 3-2: SINGLE (Flyball, 34D, EV 86.9 MPH)
|
Batting: RHB Rudo Garciaparra
|
0-0: Foul Ball, location: 2F 0-1: Ball 1-1: Called Strike 1-2: Ball 2-2: DOUBLE (Line Drive, 5D, EV 108.8 MPH) Brad Pepin to third
|
Batting: SHB Jason Hayes
|
0-0: Called Strike 0-1: Foul Ball, location: 2F 0-2: Foul Ball, location: 2F 0-2: Foul Ball, location: 2F 0-2: Strikes out looking
|
Batting: RHB Saimei Kudo
|
0-0: Ball 1-0: Ball 2-0: Ball 3-0: Base on Balls
|
Pitching: RHP Mike Chapman
|
|
Batting: LHB Tommy Luce
|
0-0: Foul Ball, location: 2F 0-1: Fly out, F9 (Flyball, 9S, EV 95.6 MPH)
|
Batting: SHB Gareth Busby
|
0-0: Ball 1-0: Fly out, F8 (Flyball, 89M, EV 90.6 MPH)
|
Top of the 5th over - 0 runs, 2 hits, 0 errors, 3 left on base; Baltimore 4 - Minnesota 5 |
BOTTOM OF THE 5TH |
Minnesota Twins batting - Pitching for Baltimore Orioles : LHP Mark Gehring
|
Pitching: LHP Brad Jonas
|
|
Now at C: Eduardo Maldonado
|
|
Now at 1B: Aldo Questi
|
|
Now at 2B: Jesus Lozano
|
|
Now at 3B: Saimei Kudo
|
|
Now in CF: Brad Pepin
|
|
Now in RF: Tsutomu Miyahara
|
|
Pinch Hitting: LHB Per Meulengracht
|
0-0: Foul Ball, location: 2F 0-1: Ball 1-1: Called Strike 1-2: Ball 2-2: Strikes out swinging
|
Batting: RHB Kevin Howard
|
0-0: Ball 1-0: Ball 2-0: Ball 3-0: Called Strike 3-1: Foul Ball, location: 2F 3-2: Base on Balls
|
Batting: RHB Austin Mickelson
|
0-0: Ball 1-0: Called Strike 1-1: Fly out, F7 (Flyball, 78M, EV 83.8 MPH)
|
Batting: RHB Luis Villanueva
|
0-0: Fly out, F9 (Flyball, 9S, EV 90.0 MPH)
|
Bottom of the 5th over - 0 runs, 0 hits, 0 errors, 1 left on base; Baltimore 4 - Minnesota 5 |
TOP OF THE 6TH |
Baltimore Orioles batting - Pitching for Minnesota Twins : RHP Mike Chapman
|
Now at 2B: Tony Crespo
|
|
Now in RF: Per Meulengracht
|
|
Batting: LHB Jesus Lozano
|
0-0: Ball 1-0: Called Strike 1-1: Ball 2-1: Foul Ball, location: 2F 2-2: Ball 3-2: Fly out, F8 (Flyball, 89D, EV 87.5 MPH)
|
Batting: SHB Aldo Questi
|
0-0: Ball 1-0: Called Strike 1-1: Called Strike 1-2: Ball 2-2: Foul Ball, location: 2F 2-2: Ball 3-2: Foul Ball, location: 2F 3-2: Strikes out swinging
|
Batting: LHB Tsutomu Miyahara
|
0-0: Ground out 2-3 (Groundball, 15S, EV 63.8 MPH)
|
Top of the 6th over - 0 runs, 0 hits, 0 errors, 0 left on base; Baltimore 4 - Minnesota 5 |
BOTTOM OF THE 6TH |
Minnesota Twins batting - Pitching for Baltimore Orioles : LHP Brad Jonas
|
Now at SS: Travis Leonard
|
|
Batting: RHB Matthew Starr
|
0-0: Called Strike 0-1: Ball 1-1: Foul Ball, location: 2F 1-2: Foul Ball, location: 2F 1-2: Ball 2-2: Strikes out looking
|
Batting: RHB Alex Sandoval
|
0-0: Ball 1-0: Ball 2-0: Ground out 5-3 (Groundball, 56S, EV 77.5 MPH)
|
Batting: RHB Cyril Husson
|
0-0: Foul Ball, location: 2F 0-1: Foul Ball, location: 2F 0-2: Foul Ball, location: 2F 0-2: Ground out U3 (Groundball, 34, EV 98.1 MPH)
|
Bottom of the 6th over - 0 runs, 0 hits, 0 errors, 0 left on base; Baltimore 4 - Minnesota 5 |
TOP OF THE 7TH |
Baltimore Orioles batting - Pitching for Minnesota Twins : RHP Mike Chapman
|
Pinch Hitting: RHB Marc Peckermark
|
0-0: Swinging Strike 0-1: Foul Ball, location: 2F 0-2: Ball 1-2: Strikes out looking
|
Pinch Hitting: LHB Paul Diaz
|
0-0: Ball 1-0: Ball 2-0: Ball 3-0: Called Strike 3-1: Fly out, F7 (Flyball, 78M, EV 75.6 MPH)
|
Batting: LHB Brian Feher
|
0-0: SINGLE (Line Drive, 4MD, EV 95.6 MPH)
|
Batting: RHB Saimei Kudo
|
0-0: Ball 1-0: Called Strike 1-1: Ball 2-1: Swinging Strike 2-2: Ball 3-2: Strikes out swinging
|
Top of the 7th over - 0 runs, 1 hit, 0 errors, 1 left on base; Baltimore 4 - Minnesota 5 |
BOTTOM OF THE 7TH |
Minnesota Twins batting - Pitching for Baltimore Orioles : LHP Brad Jonas
|
Pitching: RHP Bobby Marble
|
|
Now at SS: Vince Jackson
|
|
Now in CF: Marc Peckermark
|
|
Pinch Hitting: RHB Jesse Scott
|
0-0: Fly out, F8 (Flyball, 8LD, EV 75.0 MPH)
|
Batting: RHB Mike Quackenbush
|
0-0: Called Strike 0-1: Ball 1-1: Ground out U3 (Groundball, 34, EV 100.0 MPH)
|
Batting: LHB Per Meulengracht
|
0-0: Called Strike 0-1: Called Strike 0-2: Strikes out swinging
|
Bottom of the 7th over - 0 runs, 0 hits, 0 errors, 0 left on base; Baltimore 4 - Minnesota 5 |
TOP OF THE 8TH |
Baltimore Orioles batting - Pitching for Minnesota Twins : RHP Mike Chapman
|
Pitching: LHP Jim Storer
|
|
Now in CF: Per Meulengracht
|
|
Now in RF: Jesse Scott
|
|
Pinch Hitting: RHB Muneer Maudad
|
0-0: Ground out 5-3 (Groundball, 5, EV 81.9 MPH)
|
Pitching: RHP Brad Harth
|
|
Batting: SHB Eduardo Maldonado
|
0-0: Foul Ball, location: 2F 0-1: Ball 1-1: Called Strike 1-2: Ball 2-2: Foul Ball, location: 2F 2-2: Strikes out swinging
|
Batting: LHB Jesus Lozano
|
0-0: SINGLE (Groundball, 6MD, EV 101.9 MPH)
|
Batting: SHB Aldo Questi
|
0-0: Ball 1-0: Foul Ball, location: 2F 1-1: Swinging Strike 1-2: Ball 2-2: Ball 3-2: Foul Ball, location: 2F 3-2: SINGLE (Groundball, 56S, EV 71.2 MPH) (infield hit) Jesus Lozano to second
|
Batting: LHB Tsutomu Miyahara
|
0-0: Called Strike 0-1: Ball 1-1: Ball 2-1: Foul Ball, location: 2F 2-2: Strikes out swinging
|
Top of the 8th over - 0 runs, 2 hits, 0 errors, 2 left on base; Baltimore 4 - Minnesota 5 |
BOTTOM OF THE 8TH |
Minnesota Twins batting - Pitching for Baltimore Orioles : RHP Bobby Marble
|
Now in LF: Muneer Maudad
|
|
Batting: RHB Tony Crespo
|
0-0: Ball 1-0: Swinging Strike 1-1: Reached on error, E6 (Groundball, 6, EV 91.9 MPH)
|
Batting: RHB Austin Mickelson
|
0-0: SINGLE (Line Drive, 9LS, EV 112.5 MPH) Tony Crespo to second
|
Pinch Hitting: LHB Bob Branham
|
0-0: Swinging Strike 0-1: Ball 1-1: Foul Ball, location: 2F 1-2: Ball 2-2: 3-RUN HOME RUN (Line Drive, 8RXD, EV 115.6 MPH), Distance : 469 ft
|
Pitching: LHP Silas Chinn
|
|
Batting: RHB Matthew Starr
|
0-0: Called Strike 0-1: Foul Ball, location: 2F 0-2: Ball 1-2: Foul Ball, location: 2F 1-2: Ball 2-2: Strikes out swinging
|
Batting: RHB Alex Sandoval
|
0-0: Called Strike 0-1: Ball 1-1: Ground out 5-3 (Groundball, 56S, EV 71.2 MPH)
|
Batting: RHB Cyril Husson
|
0-0: Ball 1-0: Called Strike 1-1: Ball 2-1: Ball 3-1: Base on Balls
|
Batting: RHB Jesse Scott
|
0-0: Called Strike 0-1: 2-RUN HOME RUN (Flyball, 9D, EV 100.0 MPH), Distance : 364 ft
|
Batting: RHB Mike Quackenbush
|
0-0: Ball 1-0: Ball 2-0: SINGLE (Line Drive, 56D, EV 106.9 MPH)
|
Pinch Hitting: LHB Chaim Huting
|
0-0: Swinging Strike 0-1: Ball 1-1: Ball 2-1: Swinging Strike 2-2: Strikes out swinging
|
Bottom of the 8th over - 5 runs, 4 hits, 1 error, 1 left on base; Baltimore 4 - Minnesota 10 |
TOP OF THE 9TH |
Baltimore Orioles batting - Pitching for Minnesota Twins : RHP Brad Harth
|
Pitching: LHP Adam Wood
|
|
Now at C: José Molina
|
|
Now in CF: Jesse Scott
|
|
Now in RF: Chaim Huting
|
|
Batting: RHB Marc Peckermark
|
0-0: Ball 1-0: Foul Ball, location: 2F 1-1: Called Strike 1-2: Strikes out looking
|
Batting: RHB Vince Jackson
|
0-0: Foul Ball, location: 2F 0-1: Ball 1-1: Ball 2-1: Foul Ball, location: 2F 2-2: Fly out, F9 (Flyball, 89S, EV 83.8 MPH)
|
Batting: LHB Brian Feher
|
0-0: Swinging Strike 0-1: Ball 1-1: Ball 2-1: Ground out 6-3 (Groundball, 6, EV 110.6 MPH)
|
Top of the 9th over - 0 runs, 0 hits, 0 errors, 0 left on base; Baltimore 4 - Minnesota 10 |
|